Sénateurs vs Predators
(R1)
Created - 8 octobre 2014 at 19:03
Goals
|
Sénateurs |
1 |
3 |
3 |
7 |
Predators |
1 |
1 |
1 |
3 |
|
Shots
|
Sénateurs |
8 |
7 |
15 |
30 |
Predators |
17 |
7 |
15 |
39 |
|
1st period
1. Predators , Oleg Saprykin 2 (Alexander Steen) at 18:26
2. Sénateurs , Darcy Hordichuk 2 (Dan Hamhuis, Daymond Langkow) at 19:34
Penalties :
Gilbert Brule (Ott) for Tripping (Minor) at 3:15, Darcy Hordichuk (Ott) for Cross-checking (Minor) at 9:38, Dan Hamhuis (Ott) for Interference (Minor) at 12:49, Darcy Hordichuk (Ott) for Hooking (Minor) at 16:21
2nd period
3. Sénateurs , Vernon Fiddler 1 (Andy Hilbert, Nikita Alexeev) at 6:52
4. Sénateurs , Darcy Hordichuk 3 (Dan Girardi, Daymond Langkow) at 8:25
5. Sénateurs , Jean-Pierre Dumont 3 (Andy McDonald) at 12:18 (PP)
6. Predators , Georges Laraque 4 (Robyn Regehr, Andy Miele) at 14:16
Penalties :
Robyn Regehr (Nas) for Holding (Minor) at 4:17, Alexander Steen (Nas) for Holding (Minor) at 12:10, Jean-Pierre Dumont (Ott) for Roughing (Minor) at 14:33
3rd period
7. Predators , Alexander Ovechkin 7 (Alexander Edler, Danny Richmond) at 1:16
8. Sénateurs , Gilbert Brule 7 (Dan Girardi) at 4:00 (PP)
9. Sénateurs , Jean-Pierre Dumont 4 (Gilbert Brule) at 7:18 (PP)
10. Sénateurs , Todd Bertuzzi 4 (Darcy Hordichuk) at 14:21
Penalties :
Georges Laraque (Nas) for Hooking (Minor) at 3:49, Michael Grabner (Nas) for Holding (Minor) at 7:17, Darcy Hordichuk (Ott) for Hooking (Minor) at 8:26, Darcy Hordichuk (Ott) for Hooking (Minor) at 17:01, Gilbert Brule (Ott) for Interference (Minor) at 17:24
Goalie Stats
Jeff Deslauriers (Ott), 36 saves from 39 shots - (0,923), W, 1-2-0, 60:00 minutes
Steve Mason (Nas), 11 saves from 15 shots - (0,733), L, 0-2-0, 32:18 minutes
Kari Lehtonen (Nas), 12 saves from 15 shots - (0,800), 27:42 minutes
Players Stats for Sénateurs
Player Name G A P +/- PIM S H SB GA TA FO MP PP MP PK MP
------------------------------------------------------------------------------------
Andrew Ebbett 0 0 0 0 0 1 1 0 0 0 2/4 11:15 0:00 2:14
Andy Hilbert 0 1 1 0 0 0 3 0 0 0 0/0 11:20 0:00 2:03
Andy McDonald 0 1 1 -1 0 1 2 0 0 1 2/5 20:35 1:46 4:13
Carlo Colaiacovo 0 0 0 1 0 0 4 2 0 1 0/0 20:03 1:12 5:26
Dan Girardi 0 2 2 1 0 0 1 0 0 0 0/0 20:03 1:12 5:26
Dan Hamhuis 0 1 1 0 2 5 3 3 2 0 0/0 29:11 1:07 7:30
Darcy Hordichuk 2 1 3 2 8 5 2 0 0 0 0/0 13:40 0:33 0:06
Daymond Langkow 0 2 2 3 0 2 2 0 0 1 4/11 17:18 0:33 3:50
Gilbert Brule 1 1 2 -2 4 6 2 0 1 0 19/40 22:32 1:46 5:36
Jean-Pierre Dumont 2 0 2 -2 2 4 1 0 1 0 4/4 22:33 1:46 5:51
Nikita Alexeev 0 1 1 0 0 1 0 0 0 1 2/2 12:19 0:00 3:02
Nikolai Kulemin 0 0 0 0 0 0 1 1 0 0 0/0 6:16 0:00 0:00
Ryan Parent 0 0 0 0 0 0 2 1 0 0 0/0 10:58 0:00 1:20
Sami Kapanen 0 0 0 0 0 0 0 0 0 0 1/1 6:16 0:00 0:00
Sami Salo 0 0 0 0 0 0 2 0 1 0 0/0 9:38 0:00 0:00
Todd Bertuzzi 1 0 1 3 0 2 1 1 1 0 0/1 13:28 0:33 0:00
Vernon Fiddler 1 0 1 0 0 1 1 0 0 0 2/2 6:16 0:00 0:00
Vitaly Vishnevsky 0 0 0 0 0 2 2 2 0 4 0/0 30:19 1:07 8:50
Players Stats for Predators
Player Name G A P +/- PIM S H SB GA TA FO MP PP MP PK MP
------------------------------------------------------------------------------------
Alexander Edler 0 1 1 0 0 4 0 1 1 0 0/0 27:15 8:29 1:30
Alexander Ovechkin 1 0 1 -1 0 4 0 0 2 2 2/7 25:14 7:53 1:28
Alexander Steen 0 1 1 0 2 0 1 0 1 1 0/1 19:18 6:23 0:14
Andy Miele 0 1 1 0 0 2 0 0 0 0 3/5 14:40 0:00 0:34
Barret Jackman 0 0 0 1 0 2 0 1 0 1 0/0 8:13 0:00 0:00
Blake Geoffrion 0 0 0 -1 0 0 0 0 0 0 0/0 2:34 0:00 0:00
Brad Boyes 0 0 0 0 0 3 1 0 1 0 0/0 19:17 6:23 0:00
Danny Richmond 0 1 1 0 0 3 1 1 2 1 0/0 27:07 8:29 1:30
Georges Laraque 1 0 1 1 2 5 1 1 0 0 0/1 14:11 0:10 1:16
Josef Vasicek 0 0 0 -1 0 4 0 0 0 1 22/40 24:32 7:43 0:33
Keith Aulie 0 0 0 -1 0 0 0 0 0 0 0/0 2:42 0:00 0:00
Kent Huskins 0 0 0 1 0 2 0 1 0 0 0/0 9:29 0:00 0:49
Kris Vernarsky 0 0 0 0 0 1 4 0 0 0 6/15 19:06 6:23 0:00
Michael Grabner 0 0 0 -2 2 2 3 1 0 0 1/1 24:54 7:43 0:00
Oleg Saprykin 1 0 1 1 0 5 1 1 0 0 0/0 13:26 0:10 0:33
Paul Mara 0 0 0 -1 0 0 0 0 0 0 0/0 2:42 0:00 0:00
Robyn Regehr 0 1 1 -1 2 2 1 3 0 0 0/0 20:49 5:47 0:00
Ryan Mcdonagh 0 0 0 -1 0 0 1 1 1 0 0/0 22:08 5:47 0:49
3 Stars
1 - Daymond Langkow (Ott)
2 - Todd Bertuzzi (Ott)
3 - Darcy Hordichuk (Ott)
Power Play
Sénateurs - 3 on 4 Attempt(s) - 75,00%
Predators - 0 on 8 Attempt(s) - 0,00%
Penalty Kill
Sénateurs - 8 on 8 Attempt(s) - 100,00%
- Score 0 goal in Penalty Kill
Predators - 1 on 4 Attempt(s) - 25,00%
- Score 0 goal in Penalty Kill
Official
Referees : VanMassenhoven Don and Banfield David
Linesman : Brad Lazarowich and Jean Morin
Game Notes
Kari Lehtonen enters game at 12:18 of 2nd period
Finance
Level 1 -- Attendance: 4625 (77,08%) -- Ticket Income 448 625 $
Level 2 -- Attendance: 3866 (77,32%) -- Ticket Income 224 228 $
Level 3 -- Attendance: 1326 (66,30%) -- Ticket Income 49 062 $
Level 4 -- Attendance: 2559 (63,98%) -- Ticket Income 69 093 $
Luxury Box -- Attendance: 681 (68,10%) -- Ticket Income 132 795 $
Game was played at the Wildcat center
Total Attendance: 13057 (72,54%)
Total Ticket Income: 923 803 $
Other Income: 138 570 $
Total Income: 1 062 373 $
Sénateurs
5 vs 5 Forward
Center Left Wing Right Wing Time % Phy DF OF
1 Gilbert Brule Andy McDonald Jean-Pierre Dumont 40 1 2 2
2 Daymond Langkow Darcy Hordichuk Todd Bertuzzi 30 1 2 2
3 Andrew Ebbett Andy Hilbert Nikita Alexeev 20 1 2 2
4 Vernon Fiddler Nikolai Kulemin Sami Kapanen 10 1 2 2
5 vs 5 Defense
Defense Defense Time % Phy DF OF
1 Vitaly Vishnevsky Dan Hamhuis 40 1 2 2
2 Dan Girardi Carlo Colaiacovo 30 1 2 2
3 Sami Salo Ryan Parent 20 1 2 2
4 Vitaly Vishnevsky Dan Hamhuis 10 1 2 2
PowerPlay Forward
Center Left Wing Right Wing Time % Phy DF OF
1 Gilbert Brule Andy McDonald Jean-Pierre Dumont 60 1 2 2
2 Daymond Langkow Darcy Hordichuk Todd Bertuzzi 40 1 2 2
PowerPlay Defense
Defense Defense Time % Phy DF OF
1 Vitaly Vishnevsky Dan Hamhuis 60 1 2 2
2 Dan Girardi Carlo Colaiacovo 40 1 2 2
Penalty Kill 4 Players Forward
Center Wing Time % Phy DF OF
1 Gilbert Brule Jean-Pierre Dumont 60 1 2 2
2 Daymond Langkow Andy McDonald 40 1 2 2
Penalty Kill 4 Players Defense
Defense Defense Time % Phy DF OF
1 Vitaly Vishnevsky Dan Hamhuis 60 1 2 2
2 Dan Girardi Carlo Colaiacovo 40 1 2 2
Penalty Kill - 3 Players Forward
Forward Time % Phy DF OF
1 Gilbert Brule 60 1 2 2
2 Jean-Pierre Dumont 40 1 2 2
Penalty Kill - 3 Players Defense
Defense Defense Time % Phy DF OF
1 Vitaly Vishnevsky Dan Hamhuis 60 1 2 2
2 Dan Girardi Carlo Colaiacovo 40 1 2 2
4 vs 4 Forward
Center Wing Time % Phy DF OF
1 Gilbert Brule Jean-Pierre Dumont 60 1 2 2
2 Daymond Langkow Andy McDonald 40 1 2 2
4 vs 4 Defense
Defense Defense Time % Phy DF OF
1 Vitaly Vishnevsky Dan Hamhuis 60 1 2 2
2 Dan Girardi Carlo Colaiacovo 40 1 2 2
Last Minutes Offensive
Center Left Wing Right Wing Defense Defense
Gilbert Brule Andy McDonald Jean-Pierre Dumont Vitaly Vishnevsky Dan Hamhuis
Last Minutes Defensive
Center Left Wing Right Wing Defense Defense
Gilbert Brule Andy McDonald Jean-Pierre Dumont Vitaly Vishnevsky Dan Hamhuis
Goaltenders
Starting : Jeff Deslauriers
Backup : Jonas Hiller
Extra Forwards
Normal : Andrew Ebbett, Andy Hilbert, Nikita Alexeev - PP : Andrew Ebbett, Andy Hilbert - PK : Nikita Alexeev
Extra Defensemen
Normal : Sami Salo, Ryan Parent, Dan Girardi - PP : Sami Salo - PK : Ryan Parent, Dan Girardi
Penalty Shots
Gilbert Brule, Jean-Pierre Dumont, Daymond Langkow, Andy McDonald, Darcy Hordichuk
Predators
5 vs 5 Forward
Center Left Wing Right Wing Time % Phy DF OF
1 Josef Vasicek Alexander Ovechkin Michael Grabner 40 1 2 2
2 Kris Vernarsky Alexander Steen Brad Boyes 30 1 2 2
3 Andy Miele Oleg Saprykin Georges Laraque 20 1 2 2
4 Andy Miele Blake Geoffrion Michael Grabner 10 1 2 2
5 vs 5 Defense
Defense Defense Time % Phy DF OF
1 Danny Richmond Alexander Edler 36 1 2 2
2 Ryan Mcdonagh Robyn Regehr 34 1 2 2
3 Barret Jackman Kent Huskins 20 1 2 2
4 Paul Mara Keith Aulie 10 1 2 2
PowerPlay Forward
Center Left Wing Right Wing Time % Phy DF OF
1 Josef Vasicek Alexander Ovechkin Michael Grabner 60 1 2 2
2 Kris Vernarsky Alexander Steen Brad Boyes 40 1 2 2
PowerPlay Defense
Defense Defense Time % Phy DF OF
1 Danny Richmond Alexander Edler 60 1 2 2
2 Ryan Mcdonagh Robyn Regehr 40 1 2 2
Penalty Kill 4 Players Forward
Center Wing Time % Phy DF OF
1 Alexander Ovechkin Georges Laraque 60 1 2 2
2 Josef Vasicek Oleg Saprykin 40 1 2 2
Penalty Kill 4 Players Defense
Defense Defense Time % Phy DF OF
1 Danny Richmond Alexander Edler 60 1 2 2
2 Ryan Mcdonagh Robyn Regehr 40 1 2 2
Penalty Kill - 3 Players Forward
Forward Time % Phy DF OF
1 Alexander Ovechkin 60 1 2 2
2 Georges Laraque 40 1 2 2
Penalty Kill - 3 Players Defense
Defense Defense Time % Phy DF OF
1 Danny Richmond Alexander Edler 60 1 2 2
2 Ryan Mcdonagh Robyn Regehr 40 1 2 2
4 vs 4 Forward
Center Wing Time % Phy DF OF
1 Alexander Ovechkin Georges Laraque 60 1 2 2
2 Oleg Saprykin Alexander Steen 40 1 2 2
4 vs 4 Defense
Defense Defense Time % Phy DF OF
1 Danny Richmond Alexander Edler 60 1 2 2
2 Ryan Mcdonagh Robyn Regehr 40 1 2 2
Last Minutes Offensive
Center Left Wing Right Wing Defense Defense
Josef Vasicek Alexander Ovechkin Michael Grabner Danny Richmond Alexander Edler
Last Minutes Defensive
Center Left Wing Right Wing Defense Defense
Josef Vasicek Alexander Ovechkin Georges Laraque Danny Richmond Alexander Edler
Goaltenders
Starting : Steve Mason
Backup : Kari Lehtonen
Extra Forwards
Normal : Michael Grabner, Oleg Saprykin, Andy Miele - PP : Michael Grabner, Oleg Saprykin - PK : Andy Miele
Extra Defensemen
Normal : Barret Jackman, Kent Huskins, Paul Mara - PP : Barret Jackman - PK : Kent Huskins, Paul Mara
Penalty Shots
Alexander Ovechkin, Georges Laraque, Alexander Steen, Brad Boyes, Josef Vasicek
% Time on Ice - Sénateurs
Lines # - Real PCT - Wanted PCT - Time Play
Normal Forward
1 - 36% - 40% - 15:34
2 - 30% - 30% - 12:55
3 - 20% - 20% - 8:40
4 - 14% - 10% - 6:16
Normal Defense
1 - 43% - 40% - 18:50
2 - 31% - 30% - 13:25
3 - 22% - 20% - 9:38
4 - 4% - 10% - 1:32
PP Forward
1 - 76% - 60% - 1:46
2 - 24% - 40% - 0:33
PP Defense
1 - 48% - 60% - 1:07
2 - 52% - 40% - 1:12
PK Forward
1 - 72% - 60% - 9:09
2 - 28% - 40% - 3:31
PK Defense
1 - 62% - 60% - 7:49
2 - 38% - 40% - 4:51
PK3 Forward
1 - 100% - 60% - 1:36
2 - 0% - 40% - 0:00
PK3 Defense
1 - 64% - 60% - 1:01
2 - 36% - 40% - 0:35
44 Forward
1 - 0% - 60%
2 - 0% - 40%
44 Defense
1 - 0% - 60%
2 - 0% - 40%
Last Minute Offensive - 0:00
Last Minute Defensive - 0:00
Total
Forward - 60:00
Defense - 60:00
|
% Time on Ice - Predators
Lines # - Real PCT - Wanted PCT - Time Play
Normal Forward
1 - 37% - 40% - 16:01
2 - 29% - 30% - 12:34
3 - 28% - 20% - 12:16
4 - 6% - 10% - 2:34
Normal Defense
1 - 39% - 36% - 17:08
2 - 35% - 34% - 15:22
3 - 19% - 20% - 8:13
4 - 6% - 10% - 2:42
PP Forward
1 - 55% - 60% - 7:53
2 - 45% - 40% - 6:23
PP Defense
1 - 59% - 60% - 8:29
2 - 41% - 40% - 5:47
PK Forward
1 - 76% - 60% - 1:46
2 - 24% - 40% - 0:33
PK Defense
1 - 65% - 60% - 1:30
2 - 35% - 40% - 0:49
PK3 Forward
1 - 0% - 60%
2 - 0% - 40%
PK3 Defense
1 - 0% - 60%
2 - 0% - 40%
44 Forward
1 - 0% - 60%
2 - 0% - 40%
44 Defense
1 - 0% - 60%
2 - 0% - 40%
Last Minute Offensive - 0:00
Last Minute Defensive - 0:00
Total
Forward - 60:00
Defense - 60:00
|
Play by Play
1st period
0:01 of 1st period - Josef Vasicek wins face-off versus Gilbert Brule in neutral zone.
0:10 of 1st period - Snap shot by Jean-Pierre Dumont.
0:10 of 1st period - Shot Blocked by Michael Grabner.
0:12 of 1st period - Slapshot by Vitaly Vishnevsky.
0:12 of 1st period - Stopped by Steve Mason without a rebound.
0:13 of 1st period - Daymond Langkow wins face-off versus Kris Vernarsky in Predators zone.
0:38 of 1st period - Andrew Ebbett is hit by Georges Laraque and loses puck.
0:47 of 1st period - Snap shot by Nikita Alexeev.
0:47 of 1st period - Shot Blocked by Ryan Mcdonagh.
1:19 of 1st period - Kris Vernarsky is hit by Ryan Parent and loses puck.
1:24 of 1st period - Slapshot by Sami Kapanen.
1:24 of 1st period - Shot Misses the Net.
1:40 of 1st period - Snap shot by Daymond Langkow.
1:40 of 1st period - Shot Misses the Net.
2:08 of 1st period - Andy Miele is hit by Jean-Pierre Dumont and loses puck.
2:22 of 1st period - Off-side.
2:23 of 1st period - Sami Kapanen wins face-off versus Kris Vernarsky in neutral zone.
2:26 of 1st period - Wrist shot by Nikolai Kulemin.
2:26 of 1st period - Shot Misses the Net.
2:34 of 1st period - Snap shot by Brad Boyes.
2:34 of 1st period - Stopped by Jeff Deslauriers with a rebound.
2:36 of 1st period - Snap shot by Brad Boyes.
2:36 of 1st period - Shot Blocked by Dan Hamhuis.
2:38 of 1st period - Slapshot by Kent Huskins.
2:38 of 1st period - Stopped by Jeff Deslauriers with a rebound.
2:50 of 1st period - Slapshot by Josef Vasicek.
2:50 of 1st period - Shot Misses the Net.
2:52 of 1st period - Slapshot by Kent Huskins.
2:52 of 1st period - Stopped by Jeff Deslauriers with a rebound.
2:54 of 1st period - Snap shot by Kent Huskins.
2:54 of 1st period - Shot Blocked by Nikolai Kulemin.
3:06 of 1st period - Slapshot by Vitaly Vishnevsky.
3:06 of 1st period - Shot Blocked by Oleg Saprykin.
3:08 of 1st period - Slapshot by Dan Hamhuis.
3:08 of 1st period - Stopped by Steve Mason without a rebound.
3:09 of 1st period - Andy Miele wins face-off versus Gilbert Brule in Predators zone.
3:15 of 1st period - Minor Penalty to Gilbert Brule for Tripping.
3:16 of 1st period - Nikita Alexeev wins face-off versus Alexander Ovechkin in Sénateurs zone.
3:48 of 1st period - Dan Hamhuis is hit by Alexander Steen and loses puck.
5:15 of 1st period - Penalty to Gilbert Brule is over, Gilbert Brule is back on ice.
6:12 of 1st period - Slapshot by Andy McDonald.
6:12 of 1st period - Deflect By Gilbert Brule.
6:12 of 1st period - Stopped by Steve Mason without a rebound.
6:13 of 1st period - Gilbert Brule wins face-off versus Josef Vasicek in Predators zone.
6:18 of 1st period - Snap shot by Gilbert Brule.
6:18 of 1st period - Stopped by Steve Mason with a rebound.
6:41 of 1st period - Dan Girardi is hit by Kris Vernarsky and loses puck.
6:56 of 1st period - Wrist shot by Michael Grabner.
6:56 of 1st period - Stopped by Jeff Deslauriers with a rebound.
7:21 of 1st period - Andy Miele is hit by Nikolai Kulemin and loses puck.
7:58 of 1st period - Snap shot by Daymond Langkow.
7:58 of 1st period - Shot Misses the Net.
8:00 of 1st period - Snap shot by Vitaly Vishnevsky.
8:00 of 1st period - Stopped by Steve Mason with a rebound.
8:02 of 1st period - Wrist shot by Darcy Hordichuk.
8:02 of 1st period - Stopped by Steve Mason with a rebound.
8:04 of 1st period - Backhand shot by Darcy Hordichuk.
8:04 of 1st period - Shot Misses the Net.
8:48 of 1st period - Slapshot by Daymond Langkow.
8:48 of 1st period - Deflect By Darcy Hordichuk.
8:48 of 1st period - Shot Blocked by Alexander Edler.
8:48 of 1st period - Puck is out of play.
8:49 of 1st period - Kris Vernarsky wins face-off versus Daymond Langkow in Predators zone.
8:49 of 1st period - Kris Vernarsky is hit by Sami Salo.
9:15 of 1st period - Slapshot by Oleg Saprykin.
9:15 of 1st period - Stopped by Jeff Deslauriers with a rebound.
9:23 of 1st period - Wrist shot by Nikita Alexeev.
9:23 of 1st period - Shot Misses the Net.
9:38 of 1st period - Minor Penalty to Darcy Hordichuk for Cross-checking.
9:39 of 1st period - Gilbert Brule wins face-off versus Josef Vasicek in Sénateurs zone.
9:51 of 1st period - Slapshot by Danny Richmond.
9:51 of 1st period - Stopped by Jeff Deslauriers with a rebound.
9:53 of 1st period - Slapshot by Danny Richmond.
9:53 of 1st period - Stopped by Jeff Deslauriers with a rebound.
9:55 of 1st period - Slapshot by Alexander Edler.
9:55 of 1st period - Stopped by Jeff Deslauriers without a rebound.
9:56 of 1st period - Gilbert Brule wins face-off versus Josef Vasicek in Sénateurs zone.
10:28 of 1st period - Alexander Edler is hit by Gilbert Brule and loses puck.
11:11 of 1st period - Jean-Pierre Dumont is hit by Kris Vernarsky and loses puck.
11:33 of 1st period - Alexander Edler is hit by Andy Hilbert and loses puck.
11:38 of 1st period - Penalty to Darcy Hordichuk is over, Darcy Hordichuk is back on ice.
11:39 of 1st period - Off-side.
11:40 of 1st period - Andy Miele wins face-off versus Daymond Langkow in neutral zone.
12:10 of 1st period - Wrist shot by Georges Laraque.
12:10 of 1st period - Stopped by Jeff Deslauriers with a rebound.
12:24 of 1st period - Wrist shot by Oleg Saprykin.
12:24 of 1st period - Deflect By Andy Miele.
12:24 of 1st period - Stopped by Jeff Deslauriers with a rebound.
12:26 of 1st period - Slapshot by Barret Jackman.
12:26 of 1st period - Stopped by Jeff Deslauriers without a rebound.
12:27 of 1st period - Andrew Ebbett wins face-off versus Kris Vernarsky in Sénateurs zone.
12:40 of 1st period - Vitaly Vishnevsky is hit by Danny Richmond and loses puck.
12:49 of 1st period - Minor Penalty to Dan Hamhuis for Interference.
12:50 of 1st period - Josef Vasicek wins face-off versus Gilbert Brule in Sénateurs zone.
13:35 of 1st period - Gilbert Brule is hit by Kris Vernarsky and loses puck.
13:46 of 1st period - Robyn Regehr is hit by Carlo Colaiacovo and loses puck.
14:49 of 1st period - Penalty to Dan Hamhuis is over, Dan Hamhuis is back on ice.
14:54 of 1st period - Snap shot by Nikita Alexeev.
14:54 of 1st period - Shot Misses the Net.
15:01 of 1st period - Off-side.
15:02 of 1st period - Vernon Fiddler wins face-off versus Andy Miele in neutral zone.
15:07 of 1st period - Andy Miele is hit by Vernon Fiddler and loses puck.
15:38 of 1st period - Snap shot by Oleg Saprykin.
15:38 of 1st period - Stopped by Jeff Deslauriers without a rebound.
15:39 of 1st period - Josef Vasicek wins face-off versus Gilbert Brule in Sénateurs zone.
15:40 of 1st period - Wrist shot by Alexander Ovechkin.
15:40 of 1st period - Stopped by Jeff Deslauriers with a rebound.
16:01 of 1st period - Icing by Michael Grabner.
16:02 of 1st period - Kris Vernarsky wins face-off versus Daymond Langkow in Predators zone.
16:02 of 1st period - Kris Vernarsky is hit by Daymond Langkow.
16:21 of 1st period - Minor Penalty to Darcy Hordichuk for Hooking.
16:22 of 1st period - Josef Vasicek wins face-off versus Gilbert Brule in Sénateurs zone.
16:22 of 1st period - Wrist shot by Alexander Ovechkin.
16:22 of 1st period - Shot Misses the Net.
16:24 of 1st period - Slapshot by Danny Richmond.
16:24 of 1st period - Deflect By Josef Vasicek.
16:24 of 1st period - Stopped by Jeff Deslauriers with a rebound.
16:26 of 1st period - Slapshot by Alexander Edler.
16:26 of 1st period - Shot Misses the Net.
16:28 of 1st period - Snap shot by Alexander Ovechkin.
16:28 of 1st period - Stopped by Jeff Deslauriers without a rebound.
16:29 of 1st period - Josef Vasicek wins face-off versus Gilbert Brule in Sénateurs zone.
16:42 of 1st period - Jean-Pierre Dumont is hit by Michael Grabner and loses puck.
17:01 of 1st period - Backhand shot by Alexander Steen.
17:01 of 1st period - Shot Blocked by Carlo Colaiacovo.
18:01 of 1st period - Brad Boyes is hit by Vitaly Vishnevsky and loses puck.
18:21 of 1st period - Penalty to Darcy Hordichuk is over, Darcy Hordichuk is back on ice.
18:26 of 1st period - Wrist shot by Oleg Saprykin.
18:26 of 1st period - Goal by Oleg Saprykin - Sénateurs : 0 - Predators : 1.
18:27 of 1st period - Josef Vasicek wins face-off versus Todd Bertuzzi in neutral zone.
18:58 of 1st period - Snap shot by Andy Hilbert.
18:58 of 1st period - Shot Misses the Net.
19:16 of 1st period - Alexander Edler is hit by Gilbert Brule and loses puck.
19:23 of 1st period - Snap shot by Oleg Saprykin.
19:23 of 1st period - Stopped by Jeff Deslauriers without a rebound.
19:24 of 1st period - Daymond Langkow wins face-off versus Josef Vasicek in Sénateurs zone.
19:24 of 1st period - Daymond Langkow is hit by Michael Grabner.
19:32 of 1st period - Slapshot by Dan Hamhuis.
19:32 of 1st period - Shot Misses the Net.
19:34 of 1st period - Wrist shot by Darcy Hordichuk.
19:34 of 1st period - Goal by Darcy Hordichuk - Sénateurs : 1 - Predators : 1.
19:35 of 1st period - Gilbert Brule wins face-off versus Josef Vasicek in neutral zone.
19:42 of 1st period - Wrist shot by Jean-Pierre Dumont.
19:42 of 1st period - Stopped by Steve Mason with a rebound.
19:44 of 1st period - Wrist shot by Gilbert Brule.
19:44 of 1st period - Shot Misses the Net.
Goals for this period are 1 for Sénateurs vs 1 for Predators.
Shots for this period are 8 for Sénateurs vs 17 for Predators.
2nd period
0:01 of 2nd period - Jean-Pierre Dumont wins face-off versus Josef Vasicek in neutral zone.
0:06 of 2nd period - Michael Grabner is hit by Andy McDonald and loses puck.
0:50 of 2nd period - Snap shot by Oleg Saprykin.
0:50 of 2nd period - Stopped by Jeff Deslauriers without a rebound.
0:51 of 2nd period - Gilbert Brule wins face-off versus Andy Miele in Sénateurs zone.
1:26 of 2nd period - Icing by Vitaly Vishnevsky.
1:27 of 2nd period - Daymond Langkow wins face-off versus Kris Vernarsky in Sénateurs zone.
1:54 of 2nd period - Snap shot by Andy McDonald.
1:54 of 2nd period - Shot Misses the Net.
2:45 of 2nd period - Slapshot by Alexander Edler.
2:45 of 2nd period - Deflect By Dan Girardi.
2:45 of 2nd period - Stopped by Jeff Deslauriers without a rebound.
2:46 of 2nd period - Gilbert Brule wins face-off versus Josef Vasicek in Sénateurs zone.
3:13 of 2nd period - Alexander Steen is hit by Todd Bertuzzi and loses puck.
3:33 of 2nd period - Snap shot by Georges Laraque.
3:33 of 2nd period - Stopped by Jeff Deslauriers with a rebound.
3:39 of 2nd period - Snap shot by Georges Laraque.
3:39 of 2nd period - Shot Misses the Net.
3:41 of 2nd period - Snap shot by Andy Miele.
3:41 of 2nd period - Stopped by Jeff Deslauriers with a rebound.
3:43 of 2nd period - Slapshot by Danny Richmond.
3:43 of 2nd period - Shot Blocked by Carlo Colaiacovo.
3:53 of 2nd period - Alexander Edler is hit by Dan Girardi and loses puck.
4:02 of 2nd period - Wrist shot by Sami Kapanen.
4:02 of 2nd period - Shot Misses the Net.
4:04 of 2nd period - Slapshot by Dan Hamhuis.
4:04 of 2nd period - Stopped by Steve Mason without a rebound.
4:05 of 2nd period - Gilbert Brule wins face-off versus Kris Vernarsky in Predators zone.
4:17 of 2nd period - Minor Penalty to Robyn Regehr for Holding.
4:18 of 2nd period - Alexander Ovechkin wins face-off versus Gilbert Brule in Predators zone.
4:28 of 2nd period - Snap shot by Alexander Ovechkin.
4:28 of 2nd period - Deflect By Georges Laraque.
4:28 of 2nd period - Shot Misses the Net.
4:28 of 2nd period - Puck is out of play.
4:29 of 2nd period - Gilbert Brule wins face-off versus Alexander Ovechkin in Sénateurs zone.
6:00 of 2nd period - Dan Girardi is hit by Oleg Saprykin and loses puck.
6:17 of 2nd period - Penalty to Robyn Regehr is over, Robyn Regehr is back on ice.
6:19 of 2nd period - Kent Huskins is hit by Daymond Langkow and loses puck.
6:52 of 2nd period - Snap shot by Vernon Fiddler.
6:52 of 2nd period - Goal by Vernon Fiddler - Sénateurs : 2 - Predators : 1.
6:53 of 2nd period - Daymond Langkow wins face-off versus Josef Vasicek in neutral zone.
7:51 of 2nd period - Brad Boyes is hit by Darcy Hordichuk and loses puck.
8:17 of 2nd period - Wrist shot by Daymond Langkow.
8:17 of 2nd period - Shot Misses the Net.
8:19 of 2nd period - Wrist shot by Daymond Langkow.
8:19 of 2nd period - Stopped by Steve Mason with a rebound.
8:21 of 2nd period - Snap shot by Darcy Hordichuk.
8:21 of 2nd period - Stopped by Steve Mason with a rebound.
8:23 of 2nd period - Slapshot by Dan Girardi.
8:23 of 2nd period - Shot Misses the Net.
8:25 of 2nd period - Snap shot by Darcy Hordichuk.
8:25 of 2nd period - Goal by Darcy Hordichuk - Sénateurs : 3 - Predators : 1.
8:26 of 2nd period - Josef Vasicek wins face-off versus Gilbert Brule in neutral zone.
8:42 of 2nd period - Off-side.
8:43 of 2nd period - Andrew Ebbett wins face-off versus Kris Vernarsky in neutral zone.
9:10 of 2nd period - Michael Grabner is hit by Andy McDonald and loses puck.
9:14 of 2nd period - Icing by Alexander Edler.
9:15 of 2nd period - Andy McDonald wins face-off versus Josef Vasicek in Predators zone.
9:25 of 2nd period - Icing by Josef Vasicek.
9:26 of 2nd period - Josef Vasicek wins face-off versus Gilbert Brule in Predators zone.
9:39 of 2nd period - Slapshot by Gilbert Brule.
9:39 of 2nd period - Deflect By Jean-Pierre Dumont.
9:39 of 2nd period - Shot Blocked by Robyn Regehr.
9:39 of 2nd period - Puck is out of play.
9:40 of 2nd period - Josef Vasicek wins face-off versus Gilbert Brule in Predators zone.
9:53 of 2nd period - Snap shot by Andy McDonald.
9:53 of 2nd period - Stopped by Steve Mason without a rebound.
9:54 of 2nd period - Gilbert Brule wins face-off versus Josef Vasicek in Predators zone.
10:03 of 2nd period - Snap shot by Jean-Pierre Dumont.
10:03 of 2nd period - Shot Blocked by Danny Richmond.
10:05 of 2nd period - Snap shot by Gilbert Brule.
10:05 of 2nd period - Deflect By Andy McDonald.
10:05 of 2nd period - Shot Misses the Net.
10:05 of 2nd period - Puck is out of play.
10:06 of 2nd period - Josef Vasicek wins face-off versus Gilbert Brule in Predators zone.
12:07 of 2nd period - Off-side.
12:08 of 2nd period - Kris Vernarsky wins face-off versus Gilbert Brule in neutral zone.
12:10 of 2nd period - Minor Penalty to Alexander Steen for Holding.
12:11 of 2nd period - Jean-Pierre Dumont wins face-off versus Georges Laraque in Predators zone.
12:18 of 2nd period - Snap shot by Jean-Pierre Dumont.
12:18 of 2nd period - Goal by Jean-Pierre Dumont - Sénateurs : 4 - Predators : 1.
12:18 of 2nd period - Kari Lehtonen enters game.
12:19 of 2nd period - Gilbert Brule wins face-off versus Josef Vasicek in neutral zone.
12:44 of 2nd period - Dan Hamhuis is hit by Ryan Mcdonagh and loses puck.
14:10 of 2nd period - Slapshot by Andy Miele.
14:10 of 2nd period - Shot Blocked by Dan Hamhuis.
14:12 of 2nd period - Wrist shot by Andy Miele.
14:12 of 2nd period - Shot Misses the Net.
14:14 of 2nd period - Wrist shot by Robyn Regehr.
14:14 of 2nd period - Deflect By Jean-Pierre Dumont.
14:14 of 2nd period - Stopped by Jeff Deslauriers with a rebound.
14:16 of 2nd period - Wrist shot by Georges Laraque.
14:16 of 2nd period - Goal by Georges Laraque - Sénateurs : 4 - Predators : 2.
14:17 of 2nd period - Josef Vasicek wins face-off versus Gilbert Brule in neutral zone.
14:33 of 2nd period - Minor Penalty to Jean-Pierre Dumont for Roughing.
14:34 of 2nd period - Josef Vasicek wins face-off versus Gilbert Brule in Sénateurs zone.
14:40 of 2nd period - Slapshot by Alexander Ovechkin.
14:40 of 2nd period - Shot Blocked by Dan Hamhuis.
14:42 of 2nd period - Wrist shot by Alexander Ovechkin.
14:42 of 2nd period - Shot Blocked by Vitaly Vishnevsky.
14:44 of 2nd period - Slapshot by Michael Grabner.
14:44 of 2nd period - Shot Misses the Net.
14:46 of 2nd period - Slapshot by Danny Richmond.
14:46 of 2nd period - Stopped by Jeff Deslauriers with a rebound.
15:55 of 2nd period - Alexander Steen is hit by Andy Hilbert and loses puck.
16:33 of 2nd period - Penalty to Jean-Pierre Dumont is over, Jean-Pierre Dumont is back on ice.
18:41 of 2nd period - Alexander Steen is hit by Andy Hilbert and loses puck.
18:54 of 2nd period - Barret Jackman is hit by Ryan Parent and loses puck.
Goals for this period are 3 for Sénateurs vs 1 for Predators.
Shots for this period are 7 for Sénateurs vs 7 for Predators.
3rd period
0:01 of 3rd period - Jean-Pierre Dumont wins face-off versus Josef Vasicek in neutral zone.
0:06 of 3rd period - Wrist shot by Gilbert Brule.
0:06 of 3rd period - Stopped by Kari Lehtonen with a rebound.
0:17 of 3rd period - Wrist shot by Alexander Ovechkin.
0:17 of 3rd period - Shot Misses the Net.
0:27 of 3rd period - Alexander Edler is hit by Darcy Hordichuk and loses puck.
1:16 of 3rd period - Snap shot by Alexander Ovechkin.
1:16 of 3rd period - Goal by Alexander Ovechkin - Sénateurs : 4 - Predators : 3.
1:17 of 3rd period - Josef Vasicek wins face-off versus Andy McDonald in neutral zone.
1:30 of 3rd period - Slapshot by Josef Vasicek.
1:30 of 3rd period - Deflect By Alexander Ovechkin.
1:30 of 3rd period - Shot Misses the Net.
1:30 of 3rd period - Puck is out of play.
1:31 of 3rd period - Gilbert Brule wins face-off versus Josef Vasicek in Sénateurs zone.
2:01 of 3rd period - Backhand shot by Todd Bertuzzi.
2:01 of 3rd period - Shot Blocked by Robyn Regehr.
2:03 of 3rd period - Slapshot by Dan Girardi.
2:03 of 3rd period - Shot Blocked by Robyn Regehr.
2:36 of 3rd period - Icing by Ryan Mcdonagh.
2:37 of 3rd period - Andy McDonald wins face-off versus Josef Vasicek in Predators zone.
2:44 of 3rd period - Snap shot by Gilbert Brule.
2:44 of 3rd period - Stopped by Kari Lehtonen with a rebound.
2:50 of 3rd period - Wrist shot by Jean-Pierre Dumont.
2:50 of 3rd period - Stopped by Kari Lehtonen without a rebound.
2:51 of 3rd period - Josef Vasicek wins face-off versus Andy McDonald in Predators zone.
2:51 of 3rd period - Josef Vasicek is hit by Dan Hamhuis.
3:36 of 3rd period - Slapshot by Vitaly Vishnevsky.
3:36 of 3rd period - Shot Misses the Net.
3:38 of 3rd period - Slapshot by Dan Hamhuis.
3:38 of 3rd period - Shot Blocked by Kent Huskins.
3:40 of 3rd period - Wrist shot by Nikita Alexeev.
3:40 of 3rd period - Shot Blocked by Georges Laraque.
3:42 of 3rd period - Wrist shot by Dan Hamhuis.
3:42 of 3rd period - Stopped by Kari Lehtonen with a rebound.
3:44 of 3rd period - Snap shot by Andy Hilbert.
3:44 of 3rd period - Shot Misses the Net.
3:49 of 3rd period - Minor Penalty to Georges Laraque for Hooking.
3:50 of 3rd period - Alexander Ovechkin wins face-off versus Gilbert Brule in Predators zone.
4:00 of 3rd period - Wrist shot by Gilbert Brule.
4:00 of 3rd period - Goal by Gilbert Brule - Sénateurs : 5 - Predators : 3.
4:01 of 3rd period - Josef Vasicek wins face-off versus Gilbert Brule in neutral zone.
4:12 of 3rd period - Snap shot by Gilbert Brule.
4:12 of 3rd period - Stopped by Kari Lehtonen without a rebound.
4:13 of 3rd period - Gilbert Brule wins face-off versus Josef Vasicek in Predators zone.
5:11 of 3rd period - Robyn Regehr is hit by Carlo Colaiacovo and loses puck.
5:28 of 3rd period - Snap shot by Nikita Alexeev.
5:28 of 3rd period - Stopped by Kari Lehtonen without a rebound.
5:29 of 3rd period - Kris Vernarsky wins face-off versus Gilbert Brule in Predators zone.
5:29 of 3rd period - Kris Vernarsky is hit by Vitaly Vishnevsky.
5:35 of 3rd period - Slapshot by Alexander Edler.
5:35 of 3rd period - Shot Misses the Net.
5:40 of 3rd period - Off-side.
5:41 of 3rd period - Josef Vasicek wins face-off versus Gilbert Brule in neutral zone.
6:31 of 3rd period - Wrist shot by Georges Laraque.
6:31 of 3rd period - Stopped by Jeff Deslauriers with a rebound.
6:33 of 3rd period - Slapshot by Robyn Regehr.
6:33 of 3rd period - Stopped by Jeff Deslauriers without a rebound.
6:34 of 3rd period - Gilbert Brule wins face-off versus Josef Vasicek in Sénateurs zone.
6:34 of 3rd period - Gilbert Brule is hit by Robyn Regehr.
7:10 of 3rd period - Snap shot by Todd Bertuzzi.
7:10 of 3rd period - Stopped by Kari Lehtonen without a rebound.
7:11 of 3rd period - Josef Vasicek wins face-off versus Daymond Langkow in Predators zone.
7:17 of 3rd period - Minor Penalty to Michael Grabner for Holding.
7:18 of 3rd period - Gilbert Brule wins face-off versus Alexander Ovechkin in Predators zone.
7:18 of 3rd period - Snap shot by Jean-Pierre Dumont.
7:18 of 3rd period - Goal by Jean-Pierre Dumont - Sénateurs : 6 - Predators : 3.
7:19 of 3rd period - Jean-Pierre Dumont wins face-off versus Alexander Ovechkin in neutral zone.
7:24 of 3rd period - Wrist shot by Jean-Pierre Dumont.
7:24 of 3rd period - Shot Misses the Net.
8:02 of 3rd period - Alexander Ovechkin is hit by Andrew Ebbett and loses puck.
8:13 of 3rd period - Wrist shot by Kris Vernarsky.
8:13 of 3rd period - Stopped by Jeff Deslauriers with a rebound.
8:15 of 3rd period - Wrist shot by Brad Boyes.
8:15 of 3rd period - Stopped by Jeff Deslauriers with a rebound.
8:17 of 3rd period - Slapshot by Alexander Edler.
8:17 of 3rd period - Deflect By Dan Girardi.
8:17 of 3rd period - Stopped by Jeff Deslauriers with a rebound.
8:19 of 3rd period - Slapshot by Brad Boyes.
8:19 of 3rd period - Stopped by Jeff Deslauriers with a rebound.
8:26 of 3rd period - Minor Penalty to Darcy Hordichuk for Hooking.
8:27 of 3rd period - Gilbert Brule wins face-off versus Kris Vernarsky in Sénateurs zone.
8:39 of 3rd period - Wrist shot by Gilbert Brule.
8:39 of 3rd period - Shot Misses the Net.
8:53 of 3rd period - Daymond Langkow is hit by Michael Grabner and loses puck.
9:49 of 3rd period - Alexander Edler is hit by Carlo Colaiacovo and loses puck.
10:26 of 3rd period - Penalty to Darcy Hordichuk is over, Darcy Hordichuk is back on ice.
10:55 of 3rd period - Robyn Regehr is hit by Sami Salo and loses puck.
11:14 of 3rd period - Off-side.
11:15 of 3rd period - Michael Grabner wins face-off versus Andrew Ebbett in neutral zone.
11:35 of 3rd period - Off-side.
11:36 of 3rd period - Kris Vernarsky wins face-off versus Andy McDonald in neutral zone.
12:04 of 3rd period - Wrist shot by Darcy Hordichuk.
12:04 of 3rd period - Stopped by Kari Lehtonen with a rebound.
12:24 of 3rd period - Slapshot by Dan Hamhuis.
12:24 of 3rd period - Stopped by Kari Lehtonen without a rebound.
12:25 of 3rd period - Josef Vasicek wins face-off versus Andrew Ebbett in Predators zone.
12:25 of 3rd period - Josef Vasicek is hit by Carlo Colaiacovo.
12:43 of 3rd period - Slapshot by Andrew Ebbett.
12:43 of 3rd period - Stopped by Kari Lehtonen without a rebound.
12:44 of 3rd period - Gilbert Brule wins face-off versus Alexander Steen in Predators zone.
12:50 of 3rd period - Icing by Alexander Steen.
12:51 of 3rd period - Gilbert Brule wins face-off versus Kris Vernarsky in Predators zone.
13:14 of 3rd period - Icing by Sami Salo.
13:15 of 3rd period - Josef Vasicek wins face-off versus Daymond Langkow in Sénateurs zone.
13:18 of 3rd period - Slapshot by Michael Grabner.
13:18 of 3rd period - Shot Blocked by Ryan Parent.
13:20 of 3rd period - Slapshot by Robyn Regehr.
13:20 of 3rd period - Shot Blocked by Todd Bertuzzi.
13:49 of 3rd period - Wrist shot by Alexander Ovechkin.
13:49 of 3rd period - Deflect By Josef Vasicek.
13:49 of 3rd period - Stopped by Jeff Deslauriers with a rebound.
13:51 of 3rd period - Slapshot by Michael Grabner.
13:51 of 3rd period - Stopped by Jeff Deslauriers without a rebound.
13:52 of 3rd period - Kris Vernarsky wins face-off versus Gilbert Brule in Sénateurs zone.
14:21 of 3rd period - Snap shot by Todd Bertuzzi.
14:21 of 3rd period - Goal by Todd Bertuzzi - Sénateurs : 7 - Predators : 3.
14:22 of 3rd period - Gilbert Brule wins face-off versus Alexander Ovechkin in neutral zone.
14:27 of 3rd period - Slapshot by Vitaly Vishnevsky.
14:27 of 3rd period - Shot Blocked by Barret Jackman.
14:38 of 3rd period - Icing by Kent Huskins.
14:39 of 3rd period - Josef Vasicek wins face-off versus Daymond Langkow in Predators zone.
15:52 of 3rd period - Slapshot by Dan Hamhuis.
15:52 of 3rd period - Deflect By Alexander Steen.
15:52 of 3rd period - Stopped by Kari Lehtonen without a rebound.
15:53 of 3rd period - Vernon Fiddler wins face-off versus Kris Vernarsky in Predators zone.
16:19 of 3rd period - Backhand shot by Josef Vasicek.
16:19 of 3rd period - Stopped by Jeff Deslauriers without a rebound.
16:20 of 3rd period - Josef Vasicek wins face-off versus Gilbert Brule in Sénateurs zone.
16:21 of 3rd period - Slapshot by Alexander Ovechkin.
16:21 of 3rd period - Stopped by Jeff Deslauriers without a rebound.
16:22 of 3rd period - Josef Vasicek wins face-off versus Gilbert Brule in Sénateurs zone.
17:01 of 3rd period - Minor Penalty to Darcy Hordichuk for Hooking.
17:02 of 3rd period - Gilbert Brule wins face-off versus Josef Vasicek in Sénateurs zone.
17:16 of 3rd period - Snap shot by Josef Vasicek.
17:16 of 3rd period - Stopped by Jeff Deslauriers with a rebound.
17:18 of 3rd period - Snap shot by Michael Grabner.
17:18 of 3rd period - Shot Misses the Net.
17:24 of 3rd period - Minor Penalty to Gilbert Brule for Interference.
17:25 of 3rd period - Nikita Alexeev wins face-off versus Josef Vasicek in Sénateurs zone.
17:28 of 3rd period - Backhand shot by Josef Vasicek.
17:28 of 3rd period - Shot Blocked by Vitaly Vishnevsky.
17:30 of 3rd period - Slapshot by Alexander Edler.
17:30 of 3rd period - Stopped by Jeff Deslauriers with a rebound.
17:32 of 3rd period - Slapshot by Danny Richmond.
17:32 of 3rd period - Shot Misses the Net.
17:52 of 3rd period - Andrew Ebbett is hit by Kris Vernarsky and loses puck.
18:11 of 3rd period - Robyn Regehr is hit by Dan Hamhuis and loses puck.
18:28 of 3rd period - Dan Girardi is hit by Brad Boyes.
18:55 of 3rd period - Brad Boyes is hit by Dan Hamhuis and loses puck.
19:01 of 3rd period - Penalty to Darcy Hordichuk is over, Darcy Hordichuk is back on ice.
19:24 of 3rd period - Penalty to Gilbert Brule is over, Gilbert Brule is back on ice.
19:34 of 3rd period - Snap shot by Andy Miele.
19:34 of 3rd period - Shot Misses the Net.
19:36 of 3rd period - Slapshot by Barret Jackman.
19:36 of 3rd period - Stopped by Jeff Deslauriers with a rebound.
19:38 of 3rd period - Backhand shot by Oleg Saprykin.
19:38 of 3rd period - Deflect By Georges Laraque.
19:38 of 3rd period - Stopped by Jeff Deslauriers without a rebound.
19:39 of 3rd period - Andy Miele wins face-off versus Daymond Langkow in Sénateurs zone.
19:50 of 3rd period - Slapshot by Daymond Langkow.
19:50 of 3rd period - Stopped by Kari Lehtonen with a rebound.
Goals for this period are 3 for Sénateurs vs 1 for Predators.
Shots for this period are 15 for Sénateurs vs 15 for Predators.
Output by the SimonT Hockey Simulator (STHS) for François Prévost -- Original Page W3C XHTML 1.0 Valid